 Dungeon Crawl Stone Soup version 0.25-a0-156-g0c4bda3fdf (webtiles) character file.

Game seed: 6659254309042340401, levelgen mode: deterministic

93 Leeroy the Slasher (level 4, 0/36 HPs)
             Began as a Draconian Skald on Nov 20, 2019.
             Slain by a leopard gecko (3 damage)
             ... on level 2 of the Dungeon.
             The game lasted 00:04:19 (1570 turns).

Leeroy the Slasher (Draconian Skald)                Turns: 1570, Time: 00:04:19

Health: 0/36       AC:  5    Str: 13    XL:     4   Next: 36%
Magic:  7/7        EV: 12    Int: 13    God:
Gold:   85         SH:  0    Dex: 12    Spells: 0/7 levels left

rFire    . . .     SeeInvis .   m - +0 long sword
rCold    . . .     Gourm    .   (no shield)
rNeg     . . .     Faith    .   (armour unavailable)
rPois    .         Spirit   .   (helmet restricted)
rElec    .         Reflect  .   (no cloak)
rCorr    .         Harm     .   (no gloves)
MR       .....                  (no boots)
Stlth    +.........             (no amulet)
HPRegen  0.12/turn              (no ring)
MPRegen  0.10/turn              (no ring)

@: no status effects
A: unfitting armour, cold-blooded, AC +5
a: no special abilities


You were on level 2 of the Dungeon.
You were not hungry.

You visited 1 branch of the dungeon, and saw 2 of its levels.

You collected 85 gold pieces.

Inventory:

Hand Weapons
 a - a +0 falchion
 d - a +2 hunting sling of flaming
 m - a +0 long sword (weapon)
 o - a +0 hand axe of chopping
Missiles
 q - 12 poisoned darts (quivered)
Jewellery
 b - an uncursed ring of protection from fire {unknown}
 l - an uncursed ring of wizardry {unknown}
Scrolls
 e - 2 scrolls of teleportation {unknown}
 f - 2 scrolls of identify {unknown}
 h - a scroll of amnesia {unknown}
 k - a scroll of remove curse {unknown}
Potions
 g - a potion of berserk rage {unknown}
 i - a potion of might {unknown}
 j - a potion of degeneration {unknown}
 n - a potion of invisibility {unknown}
 p - a potion of ambrosia {unknown}
Comestibles
 c - 7 rations


   Skills:
 - Level 2.1 Fighting
 - Level 4.1 Long Blades
 + Level 0.9 Axes
 - Level 2.1 Dodging
 - Level 2.0 Spellcasting
 + Level 1.2 Hexes
 - Level 2.6 Charms


You couldn't memorise any spells.
You knew the following spells:

 Your Spells              Type           Power        Failure   Level  Hunger
a - Infusion              Chrm           #...         9%          1    ##.....
b - Spectral Weapon       Hex/Chrm       #.......     34%         3    ####...
c - Regeneration          Chrm/Necr      #.........   41%         3    ####...

Your spell library contained the following spells:

 Spells                   Type           Power        Failure   Level  Hunger
 Song of Slaying          Chrm           #.......     13%         2    ###....
 Shroud of Golubria       Chrm/Tloc      #.....       22%         2    ###....


Dungeon Overview and Level Annotations

Branches:
Dungeon (2/15)

Altars:


Innate Abilities, Weirdness & Mutations

Your plain brown scales are hard. (AC +5)
You cannot fit into any form of body armour.
You are cold-blooded and may be slowed by cold attacks.


Message History

The goblin hits you but does no damage. The orc closely misses you.
The leopard gecko bites you.
You hit the orc.
The orc is heavily wounded.
The goblin misses you. The leopard gecko barely misses you. The orc misses you.
The goblin closely misses you.
You riposte.
You closely miss the goblin. You slash the orc!
You kill the orc!
The leopard gecko closely misses you.
The goblin shoots a stone.
The stone hits you.
* * * LOW HITPOINT WARNING * * *
The goblin barely misses you. The leopard gecko barely misses you.
You closely miss the leopard gecko. The leopard gecko bites you.
* * * LOW HITPOINT WARNING * * *
The goblin hits you.
* * * LOW HITPOINT WARNING * * *
The goblin shoots a stone.
The stone hits you.
* * * LOW HITPOINT WARNING * * *
The leopard gecko bites you.
You die...

.. ... .## #.#.###....
#.#.# #.#.... ......##....
............# ###.#........
#>#.#.#.#...# #.#.##.....
.?..........# ###.#.##.....
#.#.#.#.#...# #...#.##...÷.
......)†g#.# #.###.####<..
#.#.#.#(#..## #.#..(...#..#
.......(gl@.# #.#......#..#
#.#.#.#.###.###.#......)..#
....(....##.##..#.......#..
#.#.#.#.###.#..##.......#..
..........#...###......##..
#.#.#.#.#.....# #......##..
###########.#.###......####
##†#.##..###### #.
##..#....## #.


You could see a leopard gecko and 2 goblins.

Vanquished Creatures
  4 adders (D:2)
  An ooze (D:2)
  A dart slug (D:1)
  2 leopard geckos
  An orc (D:2)
  4 giant cockroaches
  3 goblins
  5 hobgoblins
  A ball python (D:1)
  5 bats
  14 frilled lizards
  5 kobolds
  5 rats
51 creatures vanquished.

Notes
Turn   | Place    | Note
-------+----------+-------------------------------------------
     0 | D:1      | Leeroy the Draconian Skald began the quest for the Orb.
     0 | D:1      | Reached XP level 1. HP: 17/17 MP: 3/3
   232 | D:1      | Reached XP level 2. HP: 9/24 MP: 5/5
   263 | D:1      | Reached skill level 3 in Long Blades
   892 | D:1      | Reached XP level 3. HP: 24/29 MP: 6/6
  1165 | D:2      | Learned a level 3 spell: Spectral Weapon
  1237 | D:2      | Reached skill level 4 in Long Blades
  1282 | D:2      | Reached XP level 4. HP: 23/36 MP: 7/7
  1287 | D:2      | Learned a level 3 spell: Regeneration
  1413 | D:2      | Reached skill level 1 in Hexes
  1570 | D:2      | Slain by a leopard gecko

Levels and vault maps discovered:
D:1:      lemuel_arrival_behind_the_door_small, layout_loops_corners,
          chequers_serial_rivers_micro_d, minmay_lizard_pond
D:2:      layout_rooms, st_stairs_11

Skill      XL: |  1  2  3  4 |
---------------+-------------+-----
Long Blades    | 3 4 |  4.1
Hexes          | 1 |  1.2
Fighting       | |  2.1
Axes           | |  0.9
Dodging        | |  2.1
Spellcasting   | |  2.0
Charms         | |  2.6

Action                   |  1- 3 |  4- 6 || total
-------------------------+-------+-------++-------
Melee: Falchion          |    84 |       ||    84
       Tailslap          |     8 |     3 ||    11
       Long sword        |    13 |    32 ||    45
 Cast: Infusion          |     2 |       ||     2
 Stab: Sleeping          |     2 |       ||     2
  Eat: Chunk             |     1 |     1 ||     2
Armor: Skin              |    39 |    10 ||    49
Dodge: Dodged            |    93 |    34 ||   127
       Rpst.: Falchion   |    26 |       ||    26
       Long sword        |     2 |    11 ||    13

Table legend:
 A = Non-vault XP
 B = Vault XP
 C = Vault XP percentage of total XP
 D = Non-vault monster count
 E = Vault monster count
 F = Vault count percentage of total count
                 A         B        C        D         E       F
            +---------+---------+-------+---------+---------+-------
      Total |     119 |      14 |  10.5 |      40 |      11 |  21.6
            +---------+---------+-------+---------+---------+-------
        D:1 |      34 |       7 |  17.1 |      20 |       7 |  25.9
        D:2 |      85 |       7 |   7.6 |      20 |       4 |  16.7
            +---------+---------+-------+---------+---------+-------
